 Dungeon Crawl Stone Soup version 0.28-a0-1087-gf3fc490d9d (webtiles) character file.

Game seed: 5538708126630454890

86 spiderkeys the Ducker (level 4, -2/21 HPs)
             Began as a Felid Abyssal Knight on Dec 10, 2021.
             Was a Follower of Lugonu.
             Slain by a lemure (7 damage)
             ... led by Pikel
             ... on level 4 of the Dungeon.
             The game lasted 00:06:45 (5938 turns).

spiderkeys the Ducker (Felid Abyssal Knight)        Turns: 5938, Time: 00:06:46

Health: -2/21      AC:  1    Str:  9    XL:     4   Next: 26%
Magic:  6/6        EV: 20    Int: 11    God:    Lugonu [*.....]
Gold:   121        SH:  0    Dex: 19    Spells: 3/3 levels left
                                        Lives:  0   Deaths: 1

rFire   + . .      SeeInvis +     - Unarmed
rCold   . . .      Faith    .   (shield unavailable)
rNeg    . . .      Spirit   .   (armour unavailable)
rPois   .          Reflect  .   (helmet unavailable)
rElec   .          Harm     .   (cloak unavailable)
rCorr   .          Rampage  .   (gloves unavailable)
Will    .....                   (boots unavailable)
Stlth   ++........              (no amulet)
HPRegen 0.07/turn               F - ring of protection from fire
MPRegen 0.10/turn               (no ring)

@: studying Spellcasting, quick
A: very small, claws 1, fangs 3, see invisible, speed 1, shaggy fur 1, stealthy
paws, no weapons or thrown items, no armour, multi-lived
a: Renounce Religion, Depart the Abyss


You were on level 4 of the Dungeon.
You worshipped Lugonu.
Lugonu was aware of your devotion.
You visited 1 branch of the dungeon, and saw 4 of its levels.
You visited the Abyss 1 time.

You collected 121 gold pieces.


Innate Abilities, Weirdness & Mutations

You have sharp claws.
You have razor-sharp teeth.
You have supernaturally acute eyesight. (SInv)
You cover ground quickly. (Speed+)
You are covered in fur. (AC +1)
Your paws help you pounce on unaware monsters.
You are incapable of wielding weapons or throwing items.
You cannot wear armour.
You gain extra lives every three experience levels.


   Skills:
 - Level 3.0 Fighting
 - Level 5.0 Dodging
 * Level 4.7 Unarmed Combat
 - Level 1.7 Invocations


You had 3 spell levels left.
You didn't know any spells.
Your spell library contained the following spells:

 Spells                   Type           Power      Damage    Failure   Level
 Ozocubu's Armour         Ice            0%         N/A       71%         3
 Ozocubu's Refrigeration  Ice            0%         4d5       100%        7

Inventory:

Jewellery
 F - a ring of protection from fire (left paw)
   (You found it on level 2 of the Dungeon)
Scrolls
 c - 2 scrolls of noise {unknown}
 d - a scroll of vulnerability {unknown}
 f - a scroll of magic mapping {unknown}
 g - a scroll of holy word {unknown}
 h - a scroll of teleportation {unknown}
 i - a scroll of enchant armour {unknown}
 j - a scroll of enchant weapon {unknown}
 k - 2 scrolls of identify {unknown}
Potions
 a - a potion of heal wounds {unknown}
 b - a potion of might {unknown}
 e - a potion of curing {unknown}

Dungeon Overview and Level Annotations

Branches:
Dungeon (4/15)
 Temple: D:4-7

Altars:
Wu Jian

Annotations:
D:4 Pikel

..#
###..##
#.....###
...#...
.....#
#=..#
#5..#
#55.#
#@5.#
#gK.#
....#
##..##
#..# #...
##.. ..#


You could see Pikel, 4 lemures and a hobgoblin.


Message History

You claw the orc!
You kill the orc!
Lugonu accepts your kill.
You see here a +0 dagger.
Key pressed, stopping explore.
Key pressed, stopping explore.
Things that are here:
a +0 short sword; a +0 club; a +0 leather armour
Things that are here:
a +0 dagger; a +0 robe; an orc corpse
k - 2 scrolls labelled POMUIN TAQOGU (gained 1) Key pressed, stopping explore.
Things that are here:
a +0 dagger; a +0 robe; an orc corpse
Things that are here:
a +0 short sword; a +0 club; a +0 leather armour You see here a +0 dagger.
Done exploring. 😎 HP[+10]
Your hp is fully restored (24).
Done exploring.
Done exploring.
You see here a +0 spear.
There is a stone staircase leading down here.
You climb downwards.
The lemure shouts! x2; You hear a shout! x3
There is a stone staircase leading up here.
Press: ? - help, v - describe, . - travel, g - get item Item here: a notched bronze ring.
The floor.
Pikel, Merchant of Souls comes into view.
He is wielding a +0 whip of electrocution and carrying a wand of iceblast (9).
Pikel shouts!
There is a stone staircase leading up here.
Pikel zaps a wand.
The mass of ice explodes!
The iceblast engulfs you!!
Ouch! That really hurt!
You stop ascending the stairs.
You die...
You hear a shout!
You are now level 4!
You rejoin the land of the living...
Found a stone staircase leading up.
A ball python comes into view. 😎 HP[-3] MP[-1]
You now have 21 max hp (-3).
You pounce on the unaware helpless ball python!
You mangle the ball python!!
You kill the ball python!
Lugonu accepts your kill.
Found a stone staircase leading up.
There is a stone staircase leading up here.
You climb upwards.
There is a stone staircase leading down here.
Done exploring.
Done exploring.
Unknown command. 🤖 Initializing magus.rc ... ✅ Successfully initialized magus.rc [v1.9.10] Welcome back, spiderkeys the Felid Abyssal Knight.
Lugonu says: Spread carnage and corruption!
Press ? for a list of commands and other information.
Done exploring.
Unknown command.
Done exploring.
Things that are here:
a +0 flail; a gnoll skeleton
There is a stone staircase leading down here.
Done exploring.
You climb downwards.
Level annotation: Pikel The lemure shouts!
Pikel closely misses you. The lemure barely misses you. x2
Pikel completely misses you. The lemure hits you.
There is a stone staircase leading up here.
You see here the felid corpse of spiderkeys. 😕 HP[-5]
You take 5 damage, and now have 16/21 hp.
MASSIVE DAMAGE!! (PAUSE)
You closely miss Pikel. Your bite misses Pikel.
The lemure completely misses you. The lemure closely misses you.
The hobgoblin barely misses you. Pikel misses you.
You closely miss Pikel. The lemure barely misses you. x2
The lemure closely misses you. The hobgoblin misses you.
You scratch Pikel but do no damage.
Pikel hits you with a +0 whip of electrocution!
* * * LOW HITPOINT WARNING * * *
The lemure barely misses you. The lemure completely misses you.
The lemure misses you. 😨 HP[-7]
You take 7 damage, and now have 9/21 hp.
MASSIVE DAMAGE!! (PAUSE)
You scratch Pikel but do no damage. The hobgoblin completely misses you.
Pikel barely misses you. The lemure completely misses you.
The lemure misses you. The lemure hits you.
* * * LOW HITPOINT WARNING * * *
😱 HP[-4]
You take 4 damage, and now have 5/21 hp.
You scratch Pikel but do no damage. The hobgoblin closely misses you.
Pikel closely misses you. The lemure misses you. The lemure hits you!
You die...

Skill      XL: |  1  2  3  4  5 |
---------------+----------------+-----
Unarmed Combat | 3 4 |  4.7
Dodging        | 4 5 |  5.0
Fighting       | |  3.0
Invocations    | |  1.7

Action                   |  1- 3 |  4- 6 || total
-------------------------+-------+-------++-------
Melee: Unarmed           |   127 |    89 ||   216
       Bite              |    11 |     5 ||    16
       Punch             |     2 |       ||     2
Invok: Depart the Abyss  |     1 |       ||     1
  Use: Scroll            |     1 |       ||     1
 Stab: Sleeping          |     7 |     6 ||    13
Armor: Skin              |     7 |       ||     7
Dodge: Dodged            |    91 |    75 ||   166

Levels and vault maps discovered:
D:1:      wheals_arrival_shading, layout_basic,
          dreamdust_ecumenical_altar_grove, minmay_worlds_worst_comb
D:2:      layout_basic, basic_altar, nicolae_figureground_pulse
D:3:      layout_loops_ring
D:4:      layout_loops_ring, serial_shops, shop_fountains, uniq_pikel,
          uniq_eustachio

Notes
Turn   | Place    | Note
-------+----------+-------------------------------------------
     0 | Abyss:1  | spiderkeys the Felid Abyssal Knight began the quest for the
                  | Orb.
     0 | Abyss:1  | Reached XP level 1. HP: 10/10 MP: 3/3
     0 | Abyss:1  | magus.rc [v1.9.10]
    37 | Abyss:1  | Noticed a tentacled starspawn
    59 | Abyss:1  | Noticed a large abomination
    74 | Abyss:1  | Noticed a large abomination
    85 | Abyss:1  | Noticed a deep elf blademaster zombie
    98 | Abyss:1  | Noticed a raiju
    98 | Abyss:1  | Noticed an ancient zyme
   107 | Abyss:1  | Noticed a bone dragon
   108 | Abyss:1  | Identified a scroll of acquirement
   108 | D:1      | You pass through the gate.
   108 | D:1      | Escaped the Abyss
   109 | D:1      | Acquired a manual of Spellcasting
   470 | D:1      | Found a faded altar of an unknown god.
   808 | D:1      | Reached XP level 2. HP: 14/14 MP: 4/4
   987 | D:1      | Reached * piety under Lugonu
  1883 | D:2      | Reached skill level 3 in Unarmed Combat
  1891 | D:2      | Reached XP level 3. HP: 11/17 MP: 5/5
  2289 | D:2      | Reached skill level 4 in Dodging
  2415 | D:2      | HP: 3/17 [orc (3)]
  3440 | D:2      | Reached XP level 4. HP: 21/21 MP: 6/6
  3613 | D:2      | Found an ornate altar of the Wu Jian Council.
  3823 | D:3      | HP: 5/21 [poisoned by an adder]
  4104 | D:3      | Reached skill level 4 in Unarmed Combat
  5575 | D:3      | Reached XP level 5. HP: 24/24 MP: 7/7
  5610 | D:3      | You add the spells Ozocubu's Armour and Ozocubu's
                  | Refrigeration to your library.
  5688 | D:3      | Reached skill level 5 in Dodging
  5861 | D:4      | Noticed a lemure
  5861 | D:4      | Noticed a lemure
  5862 | D:4      | Noticed Pikel
  5864 | D:4      | Killed from afar by Pikel
  5865 | D:4      | Reached XP level 4. HP: 0/21 MP: 6/6
  5873 | D:3      | magus.rc [v1.9.10]
  5933 | D:4      | Noticed a lemure
  5933 | D:4      | Noticed a lemure
  5937 | D:4      | HP: 5/21 [lemure[Pikel] (4)]
  5938 | D:4      | Slain by a lemure

Vanquished Creatures
  An orc wizard (D:3)
  6 gnolls
  3 adders
  7 orcs
  6 endoplasms
  5 giant cockroaches
  4 goblins
  2 hobgoblins (D:3)
  2 jackals (D:2)
  2 quokkas
  3 ball pythons
  7 bats
  4 frilled lizards
  2 kobolds (D:3)
  4 rats
58 creatures vanquished.

Vanquished Creatures (others)
  4 starspawn tentacles (Abyss:1)
4 creatures vanquished.

Grand Total: 62 creatures vanquished

Table legend:
 A = Non-vault XP
 B = Vault XP
 C = Vault XP percentage of total XP
 D = Non-vault monster count
 E = Vault monster count
 F = Vault count percentage of total count
                 A         B        C        D         E       F
            +---------+---------+-------+---------+---------+-------
      Total |     238 |       6 |   2.5 |      55 |       3 |   5.2
            +---------+---------+-------+---------+---------+-------
        D:1 |      38 |       6 |  13.6 |      18 |       3 |  14.3
        D:2 |      68 |       0 |   0.0 |      17 |       0 |   0.0
        D:3 |     131 |       0 |   0.0 |      19 |       0 |   0.0
        D:4 |       1 |       0 |   0.0 |       1 |       0 |   0.0
            +---------+---------+-------+---------+---------+-------

Illustrated notes

Table legend:
 A = Kills in this place as a percentage of kills in entire the game.
 B = Kills by you in this place as a percentage of kills by you in the entire game.
 C = Kills by friends in this place as a percentage of kills by friends in the entire game.
 D = Other kills in this place as a percentage of other kills in the entire game.
 E = Experience gained in this place as a percentage of experience gained in the entire game.
 F = Experience gained in this place divided by the number of levels of this place that you have seen.
                   A       B       C       D       E      F
               +-------+-------+-------+-------+-------+----------------------
         Total | 100.0 | 100.0 |   N/A |   N/A | 100.0 |  48.8
       Dungeon | 100.0 | 100.0 |   N/A |   N/A | 100.0 |  61.0
               +-------+-------+-------+-------+-------+----------------------

Table legend: (Time is in decaauts)
 A = Elapsed time spent in this place.
 B = Non-inter-level travel time spent in this place.
 C = Inter-level travel time spent in this place.
 D = Time resting spent in this place.
 E = Time spent auto-exploring this place.
 F = Levels seen in this place.
 G = Mean time per level.
                   A        B        C        D        E       F      G
               +--------+--------+--------+--------+--------+-----+--------+
         Total |   5327 |   5104 |    223 |   1068 |   3164 |   5 | 1065.4 |
       Dungeon |   5239 |   5016 |    223 |   1068 |   3135 |   4 | 1309.8 |
         Abyss |     88 |     88 |      0 |      0 |     29 |   1 |   88.0 |
               +--------+--------+--------+--------+--------+-----+--------+

Top non-repeatable levels by time:
     D:1: 1921 daAuts
     D:2: 1914 daAuts
     D:3: 1389 daAuts
 Abyss:1: 88 daAuts
     D:4: 14 daAuts
